 Dungeon Crawl Stone Soup version 0.21.1-1-g345015fe64 (webtiles) character file.

88 JOKERXD40 the Grave Robber (level 4, -6/30 HPs)
             Began as a Demonspawn Necromancer on June 7, 2018.
             Mangled by an ogre
             ... wielding a +0 giant spiked club
              (12 damage)
             ... on level 4 of the Dungeon.
             The game lasted 00:14:43 (2129 turns).

JOKERXD40 the Grave Robber (Demonspawn Necromancer) Turns: 2129, Time: 00:14:43

Health: -6/30      AC:  8    Str: 10    XL:     4   Next: 30%
Magic:  2/8        EV:  4    Int: 16    God:
Gold:   104        SH:  0    Dex: 13    Spells: 7/9 levels left

rFire    x . .     SeeInvis .   e - +0 short sword (venom)
rCold    + . .     Gourm    .   (no shield)
rNeg     . . .     Faith    .   l - +0 chain mail
rPois    .         Spirit   .   (helmet restricted)
rElec    .         Reflect  .   (no cloak)
rCorr    .         Harm     .   (no gloves)
MR       .....     Rnd*Tele +   (no boots)
Stlth    ..........             (no amulet)
HPRegen  0.10/turn              i - ring of teleportation (curse)
MPRegen  0.11/turn              a - ring of ice

@: very slightly contaminated
A: antennae 1
a: no special abilities


You were on level 4 of the Dungeon.
You were not hungry.

You visited 1 branch of the dungeon, and saw 4 of its levels.

You collected 104 gold pieces.

Inventory:

Hand Weapons
 e - a +0 short sword of venom (weapon)
Missiles
 g - 51 stones (quivered)
 q - 7 tomahawks
Armour
 l - a +0 chain mail (worn)
Jewellery
 a - a ring of ice (right hand)
 i - a cursed ring of teleportation (left hand)
Scrolls
 d - a scroll of enchant armour {unknown}
 f - a scroll of blinking
 j - a scroll of remove curse {unknown}
 m - a scroll of amnesia {unknown}
 n - 2 scrolls of identify
 r - a scroll of enchant weapon {unknown}
Potions
 h - a potion of mutation {unknown}
 k - 2 potions of flight
 o - a potion of berserk rage {unknown}
 p - a potion of magic {unknown}
Books
 b - a book of Necromancy

   Spells                             Type                      Level
   a - Pain                           Necromancy                   1
   b - Animate Skeleton               Necromancy                   1
   c - Vampiric Draining              Necromancy                   3
   d - Regeneration                   Charms/Necromancy            3
   e - Animate Dead                   Necromancy                   4
   f - Borgnjor's Vile Clutch         Necromancy/Earth             5
Comestibles
 c - 5 rations


   Skills:
 + Level 0.2 Fighting
 + Level 0.7 Short Blades
 + Level 1.9 Dodging
 + Level 2.0 Stealth
 + Level 3.0 Spellcasting
 + Level 5.3 Necromancy


You had 7 spell levels left.
You knew the following spells:

 Your Spells              Type           Power        Failure   Level  Hunger
a - Pain                  Necr           ###.         88%         1    #......
b - Animate Skeleton      Necr           N/A          88%         1    #......


Dungeon Overview and Level Annotations

Branches:
Dungeon (4/15)
 Temple: D:4-7

Altars:


Innate Abilities, Weirdness & Mutations

You have a pair of small antennae on your head.


Message History

Press: ? - help, Shift-Dir - straight line, f/p - ogre
Aim: an ogre, wielding a giant spiked club (chance to defeat MR: 78%)
The ogre writhes in agony!
The ogre hits you with a giant spiked club!
Ouch! That really hurt!
* * * LOW HITPOINT WARNING * * *
Casting: Pain
Confirm with . or Enter, or press ? or * to list all spells.
Aiming: Pain
Press: ? - help, Shift-Dir - straight line, f/p - ogre
Aim: an ogre, wielding a giant spiked club (lightly wounded, chance to defeat MR: 78%)
You miscast Pain.
You feel very uncomfortable.
Casting: Pain
Confirm with . or Enter, or press ? or * to list all spells.
Aiming: Pain
Press: ? - help, Shift-Dir - straight line, f/p - ogre
Aim: an ogre, wielding a giant spiked club (lightly wounded, chance to defeat MR: 78%)
You miscast Pain.
Strange energies run through your body.
The ogre hits you with a giant spiked club!
You die...

## ## ####### #.# ###.#
.......####.# ##..###
.........##.## ##..#..##
..........#..###........
.............##..#......
.............#..##......
...............####.....
.......@......## #.....
......O......## ##....
............## ##...
............# ####
............#
...........##
...>...###.# ..##### ..#


You could see an ogre.

Vanquished Creatures
  A worker ant (D:4)
  An adder (D:3)
  2 worms
  2 dart slugs (D:1)
  A leopard gecko (D:2)
  An orc (D:3)
  3 giant cockroaches
  5 goblins
  2 hobgoblins (D:1)
  2 quokkas
  A ball python skeleton (D:4)
  9 bats
  7 frilled lizards
  4 kobolds
  9 rats
  A plant (D:2)
51 creatures vanquished.

Notes
Turn   | Place    | Note
-------+----------+-------------------------------------------
     0 | D:1      | JOKERXD40 the Demonspawn Necromancer began the quest for the Orb.
     0 | D:1      | Reached XP level 1. HP: 13/13 MP: 3/3
     6 | D:1      | Noticed a black mamba
     6 | D:1      | Noticed a crocodile
     6 | D:1      | Noticed a polar bear
     7 | D:1      | Noticed a six-headed hydra
   296 | D:1      | Gained mutation: You have a pair of small antennae on your head. [demonic ancestry]
   296 | D:1      | Reached XP level 2. HP: 4/19 MP: 0/5
   584 | D:1      | Learned a level 1 spell: Animate Skeleton
   741 | D:1      | Reached skill level 5 in Necromancy
  1018 | D:1      | Reached XP level 3. HP: 18/24 MP: 6/6
  1166 | D:2      | HP: 1/24 [worm (10)]
  2101 | D:4      | Reached XP level 4. HP: 20/30 MP: 4/8
  2122 | D:4      | Noticed an ogre
  2129 | D:4      | Mangled by an ogre

Skill      XL: |  1  2  3 |
---------------+----------+-----
Necromancy     | 5 |  5.3
Stealth        | 2 |  2.0
Spellcasting   | 3 |  3.0
Fighting       | |  0.2
Short Blades   | |  0.7
Dodging        | |  1.9

Action                   |  1- 3 |  4- 6 || total
-------------------------+-------+-------++-------
Melee: Unarmed           |    20 |       ||    20
       Short sword       |    71 |     3 ||    74
Throw: Stone             |     1 |       ||     1
 Cast: Pain              |    50 |     1 ||    51
       Animate Skeleton  |     4 |       ||     4
  Use: Scroll            |     3 |       ||     3
 Stab: Distracted        |     1 |       ||     1
  Eat: Ration            |     1 |       ||     1
       Chunk             |       |     1 ||     1
Armor: Robe              |    19 |       ||    19
       Chain mail        |     5 |     3 ||     8
Dodge: Dodged            |    50 |     1 ||    51
